 Dungeon Crawl Stone Soup version 0.31-a0-358-gac0dbeb3ab (webtiles) character file.

Game seed: 2651286602982746

51 Ajdolov the Cudgeller (level 3, -10/33 HPs)
             Began as an Armataur Berserker on July 26, 2023.
             Was a Follower of Trog.
             Mangled by a gnoll
             ... wielding a +0 halberd
              (11 damage)
             ... on level 2 of the Dungeon.
             The game lasted 00:02:16 (1073 turns).

Ajdolov the Cudgeller (Armataur Berserker)          Turns: 1073, Time: 00:02:17

Health: -10/33     AC:  6    Str: 24    XL:     3   Next: 57%
Magic:  3/3        EV:  9    Int:  7    God:    Trog [*.....]
Gold:   41         SH:  0    Dex:  9    Spells: 2/2 levels left

rFire   + . .        a - +0 mace
rCold   . . .        (no shield)
rNeg    . . .        c - +0 ring mail
rPois   .            (no helmet)
rElec   .            (no cloak)
rCorr   .            (no gloves)
SInv    .            (no barding)
Will    .....        (no amulet) Stlth
                     d - ring of protection from fire
HPRegen 0.25/turn    (no ring)
MPRegen 0.08/turn

%: roll
@: no status effects
A: large, rugged brown scales 3, deformed body, armoured tail, roll, long
tongue, awkward tongue
a: Renounce Religion, Berserk


You were on level 2 of the Dungeon.
You worshipped Trog.
Trog was aware of your devotion.
You visited 1 branch of the dungeon, and saw 2 of its levels.

You collected 41 gold pieces.

Inventory:

Hand Weapons
 a - a +0 mace (weapon)
Armour
 c - a +0 ring mail (worn)
Jewellery
 d - a ring of protection from fire (left hand)
Scrolls
 b - a scroll of fog {unknown}
 e - a scroll of identify {unknown}
 f - a scroll of enchant armour {unknown}


   Skills:
 + Level 3.2 Fighting
 * Level 3.7 Maces & Flails
 - Level 2.4 Armour
 - Level 1.3 Dodging


You had 2 spell levels left.
You didn't know any spells.
Your spell library was empty.

Dungeon Overview and Level Annotations

Branches:
Dungeon (2/15)

Altars:

Shops:
D:1 *([[!


Innate Abilities, Weirdness & Mutations

You are completely covered in rugged brown scales. (AC +3, +7% HP)
Armour fits poorly on your strangely shaped body.
You have a long armoured tail.
You roll when moving toward enemies. (Rampage)
Your long tongue fully drains potion bottles. (2x potion effects)
Your tongue gives you trouble enunciating. (1.5x scroll delay)


Message History

No target in view!
No target in view!
A gnoll comes into view. It is wielding a +0 halberd.
A gnoll comes into view. It is wielding a +0 flail.
The gnoll shouts!
A gnoll comes into view. It is wielding a +0 club.
You roll towards the gnoll!
The gnoll shouts!
You roll towards the gnoll!
The gnoll hits you with a +0 flail.
You barely miss the gnoll. The gnoll barely misses you.
You closely miss the gnoll. You tail-slap the gnoll.
The gnoll is lightly wounded.
The gnoll hits you but does no damage.
You hit the gnoll. You tail-slap the gnoll!
You kill the gnoll!
Trog accepts your kill. The gnoll barely misses you.
You barely miss the gnoll. The gnoll hits you with a +0 club.
You hit the gnoll but do no damage. The gnoll hits you with a +0 club.
You barely miss the gnoll. The gnoll hits you with a +0 club.
You sock the gnoll!
The gnoll is severely wounded.
The gnoll hits you with a +0 club!
You hit the gnoll but do no damage.
The gnoll is severely wounded.
The gnoll barely misses you. The gnoll hits you with a +0 club.
The gnoll hits you from afar with a +0 halberd!
* * * LOW HITPOINT WARNING * * *
The gnoll hits you with a +0 club.
* * * LOW HITPOINT WARNING * * *
Unknown command.
You aren't carrying any potions.
You hit the gnoll but do no damage.
The gnoll is severely wounded.
The gnoll hits you with a +0 club.
* * * LOW HITPOINT WARNING * * *
You barely miss the gnoll.
The gnoll is severely wounded.
The gnoll hits you from afar with a +0 halberd!
You die...

..# #### #.###### ########
8^. #.#..^8# #......#
###.##_##.### #.####.#
#...........# #.# #.#
#^#.......#^# #.# #.#
#8........^8#####.####.#
#.####.....####...........
....>...g@.....####..#.#..
#.#####g##(###.####....#.#
#.##.# #.........#.#
#g##.# #####.....#.#
..##.# ###......#.#
##.##.. ........#<. #.....
##.....#... #..###
###...###.. ... #.#...†##
##.


You could see 2 gnolls.

Vanquished Creatures
  2 gnolls (D:2)
  2 dart slugs (D:1)
  An endoplasm (D:1)
  A giant cockroach (D:1)
  4 goblins (D:1)
  2 hobgoblins (D:1)
  4 jackals (D:2)
  2 quokkas
  2 ball pythons (D:1)
  2 bats
  2 frilled lizards
  A kobold (D:1)
  A rat (D:1)
26 creatures vanquished.

Notes
Turn   | Place    | Note
-------+----------+-------------------------------------------
     0 | D:1      | Ajdolov the Armataur Berserker began the quest for the Orb.
     0 | D:1      | Reached XP level 1. HP: 19/19 MP: 1/1
     2 | D:1      | Noticed a gargoyle
     2 | D:1      | Noticed a minotaur
     4 | D:1      | Noticed a spriggan
     6 | D:1      | Noticed a tengu
     8 | D:1      | Noticed a naga
     8 | D:1      | Noticed an octopode
    10 | D:1      | Noticed a ghoul
    10 | D:1      | Noticed a demonspawn
    12 | D:1      | Noticed an armataur
    12 | D:1      | Noticed a human
    14 | D:1      | Noticed a draconian
    16 | D:1      | Noticed a vampire
    16 | D:1      | Noticed a felid
    18 | D:1      | Noticed an ogre
    18 | D:1      | Noticed an elf
    20 | D:1      | Noticed a meteoran
    20 | D:1      | Noticed a merfolk
    22 | D:1      | Noticed a vine stalker
    22 | D:1      | Noticed a troll
    24 | D:1      | Noticed a formicid
    24 | D:1      | Noticed a gargoyle
    26 | D:1      | Noticed a meteoran
    26 | D:1      | Noticed an ogre
    28 | D:1      | Found Tuttyfapt's Armour Emporium.
   110 | D:1      | Found Hiuj's Antique Weapon Boutique.
   139 | D:1      | Reached XP level 2. HP: 26/26 MP: 2/2
   311 | D:1      | Found Veomyred's Distillery.
   459 | D:1      | Found Getak's Antique Armour Emporium.
   655 | D:1      | Found Dir Byqy's Assorted Antiques.
   931 | D:2      | Reached XP level 3. HP: 26/33 MP: 3/3
  1041 | D:2      | Found a faded altar of an unknown god.
  1068 | D:2      | HP: 1/33 [gnoll/+0 club (2)]
  1073 | D:2      | Mangled by a gnoll

Illustrated notes

Levels and vault maps discovered:
D:1:      kb_arrival_jail, layout_loops_ring, serial_shops, shop, shop,
          nicolae_shop_window_shopping, nicolae_shop_window_shopping, shop
D:2:      layout_loops_ring, shapermc_ecumenical_altar_mp_highgroup,
          kennysheep_cluttered_room, minmay_goblin_kobold_house

Skill      XL: |  1  2 |
---------------+-------+-----
Maces & Flails | 3 |  3.7
Fighting       | 3 |  3.2
Armour         | |  2.4
Dodging        | |  1.3

Action                     || total
---------------------------++-------
  Melee: Mace              ||    74
         Tailslap          ||    10
         Punch             ||     1
 Armour: Animal skin       ||     2
         Ring mail         ||    35
  Dodge: Dodged            ||    47

Table legend: (Time is in decaauts)
 A = Elapsed time spent in this place.
 B = Non-inter-level travel time spent in this place.
 C = Inter-level travel time spent in this place.
 D = Time resting spent in this place.
 E = Time spent auto-exploring this place.
 F = Levels seen in this place.
 G = Mean time per level.
                   A        B        C        D        E       F      G
               +--------+--------+--------+--------+--------+-----+--------+
         Total |   1089 |   1058 |     31 |      0 |    863 |   2 |  544.5 |
       Dungeon |   1089 |   1058 |     31 |      0 |    863 |   2 |  544.5 |
               +--------+--------+--------+--------+--------+-----+--------+

Top non-repeatable levels by time:
     D:1: 900 daAuts
     D:2: 189 daAuts
